 Dungeon Crawl Stone Soup version 0.30-a0-142-g7370640ec8 (webtiles) character file.

Game seed: 9971971776622377311

319 qw the Chopper (level 6, -1/40 HPs)
             Began as a Gargoyle Fighter on Sept 25, 2022.
             Slain by Duvessa
             ... wielding a +0 short sword
              (5 damage)
             ... on level 4 of the Dungeon.
             The game lasted 00:01:06 (3224 turns).

qw the Chopper (Gargoyle Fighter)                   Turns: 3224, Time: 00:01:06

Health: -1/40      AC: 12    Str: 22    XL:     6   Next: 46%
Magic:  6/6        EV:  9    Int:  8    God:
Gold:   235        SH:  4    Dex:  9    Spells: 5/5 levels left

rFire   . . .      SeeInvis .    Y - +0 war axe
rCold   . . .      Faith    .    c - +0 buckler
rNeg    + . .      Spirit   .    b - +0 scale mail
rPois   inf        Reflect  .    (no helmet)
rElec   +          Harm     .    m - +0 cloak
rCorr   .          Rampage  .    (no gloves)
Will    .....                    (no boots)
Stlth   ..........               (no amulet)
HPRegen 0.13/turn                (no ring)
MPRegen 0.10/turn                (no ring)

@: lit by a corona, glowing
A: sickness immunity, AC +4, negative energy resistance 1, electricity
resistance, torment resistance 1, petrification resistance
a: no special abilities


You were on level 4 of the Dungeon.
You visited 1 branch of the dungeon, and saw 4 of its levels.

You collected 235 gold pieces.


Innate Abilities, Weirdness & Mutations

You are immune to sickness and miasma.
Your stone body is resilient. (AC +4)
You are immune to poison.
You resist negative energy. (rN+)
You are resistant to electric shocks. (rElec)
You are resistant to unholy torment.
You are immune to petrification.


   Skills:
 - Level 4.9 Fighting
 - Level 5.1 Axes
 - Level 3.2 Armour
 + Level 0.5 Dodging
 - Level 3.2 Shields


You had 5 spell levels left.
You didn't know any spells.
Your spell library was empty.

Inventory:

Hand Weapons
 j - a +2 whip of freezing
 Y - a +0 war axe (weapon)
Armour
 b - a +0 scale mail (worn)
 c - a +0 buckler (worn)
 m - a +0 cloak (worn)
Scrolls
 l - a scroll of identify
Potions
 d - a potion of might
 f - a potion of heal wounds {unknown}
 g - a potion of haste {unknown}
 h - a potion of lignification {unknown}
 k - a potion of curing {unknown}
 n - a potion of magic {unknown}
 o - a potion of mutation {unknown}
 r - a potion of berserk rage {unknown}

Dungeon Overview and Level Annotations

Branches:
Dungeon (4/15)
 Temple: D:4-7

Altars:

Shops:
D:1 :

Annotations:
D:4 Dowan, Duvessa


Message History

The goblin completely misses you. The goblin hits you with a +0 dagger.
You barely miss the goblin. The goblin hits you with a +0 dagger.
You slash the goblin!
You kill the goblin!
You start resting.
Duvessa, Sister of Dowan comes into view.
She is wielding a +0 short sword, wearing a +4 chain mail of fire resistance and carrying a wand of flame (29).
Dowan, Brother of Duvessa comes into view.
He is wielding a +0 dagger.
Duvessa barely misses you. Dowan gestures at you while chanting.
You are outlined in light.
Items here: ! %% ))))) [[.
You slash Duvessa!
Duvessa is moderately wounded.
Duvessa completely misses you.
Dowan gestures at Duvessa while chanting.
Duvessa seems to speed up.
You slash Duvessa!
Duvessa is heavily wounded.
Duvessa closely misses you. Duvessa hits you but does no damage.
You barely miss Duvessa.
Duvessa is heavily wounded.
Duvessa hits you with a +0 short sword! Duvessa hits you but does no damage.
3220 ||| READING scroll of teleportation.
As you read the scroll of teleportation, it crumbles to dust.
You feel strangely unstable. Duvessa hits you with a +0 short sword.
Dowan gestures wildly while chanting.
Dowan blinks!
Duvessa hits you but does no damage.
You hit Duvessa.
Duvessa is severely wounded.
Duvessa hits you with a +0 short sword.
Duvessa zaps a wand.
The puff of flame hits you.
You barely miss Duvessa.
Duvessa is severely wounded.
Your surroundings suddenly seem different.
You start resting.
Duvessa is nearby!
Duvessa hits you with a +0 short sword.
You die...

..... ..#
###.#.##..#
#...#.....#
#.#.#.....#
#........#
#e.......# #
######)##....###.#
#......%#.[......#
#.####..)..#@.#..
#........e..#
#.##.....<#.# #
#........#
#........#
....#......
####.#....##
#.###..#


You could see Duvessa (fast).

Vanquished Creatures
  A phantom (D:4)
  A howler monkey (D:4)
  A jelly (D:3)
  An orc priest (D:3)
  An orc wizard (D:3)
  Robin (D:4)
  4 adders
  3 dart slugs
  4 orcs (D:3)
  9 ball pythons
  A bat (D:3)
  5 endoplasms
  6 giant cockroaches
  8 goblins
  5 hobgoblins
  2 kobolds
  2 quokkas
  3 frilled lizards
  4 rats
62 creatures vanquished.

Vanquished Creatures (collateral kills)
  A frilled lizard (D:3)
1 creature vanquished.

Grand Total: 63 creatures vanquished

Notes
Turn   | Place    | Note
-------+----------+-------------------------------------------
     0 | D:1      | qw the Gargoyle Fighter began the quest for the Orb.
     0 | D:1      | Reached XP level 1. HP: 14/14 MP: 1/1
     0 | D:1      | 0 ||| qw: Version: 0.2-a-10-g399e6c4
     0 | D:1      | 0 ||| qw: Game counter: 408
     0 | D:1      | 0 ||| qw: Always use a shield: true
     0 | D:1      | 0 ||| qw: God list: Okawaru
     0 | D:1      | 0 ||| qw: Allow faded altars: false
     0 | D:1      | 0 ||| qw: Do Orc after D:15 true
     0 | D:1      | 0 ||| qw: Do second Lair branch before Depths: true
     0 | D:1      | 0 ||| qw: Lair rune preference: random
     0 | D:1      | 0 ||| qw: Plans: Normal, Zot:1-4, God:TSO, Crypt, Tomb,
                  | Pan, Slime:5, Hells, Abyss, Orb
     0 | D:1      | 0 ||| PLANNING D:1-11
   122 | D:1      | Reached skill level 2 in Axes
   125 | D:1      | Found a faded altar of an unknown god.
   158 | D:1      | Found Cenicibu's Vocational Training.
   307 | D:1      | Reached XP level 2. HP: 19/19 MP: 2/2
   849 | D:1      | 849 ||| READING scroll labelled NAEBBU QOC.
   908 | D:2      | Reached skill level 3 in Axes
   908 | D:2      | Reached XP level 3. HP: 23/23 MP: 3/3
  1533 | D:2      | Reached XP level 4. HP: 18/28 MP: 4/4
  1933 | D:2      | 1933 ||| READING scroll labelled HUC ITAALE.
  1934 | D:2      | 1934 ||| READING scroll labelled TAKUXU VIXZEON.
  1935 | D:2      | 1935 ||| READING scroll labelled ARRUOD BYWNIV.
  1936 | D:2      | 1936 ||| READING scroll labelled XAXTAKH ZUSYU.
  1937 | D:2      | 1937 ||| READING scroll labelled MAOSCH QUISS.
  2023 | D:3      | 2023 ||| Stepping ~*~*~tactically~*~*~ (hiding).
  2024 | D:3      | 2024 ||| Stepping ~*~*~tactically~*~*~ (hiding).
  2025 | D:3      | 2025 ||| Stepping ~*~*~tactically~*~*~ (hiding).
  2034 | D:3      | Reached skill level 4 in Axes
  2036 | D:3      | Reached XP level 5. HP: 18/32 MP: 5/5
  2041 | D:3      | 2041 ||| FLEEEEING.
  2044 | D:3      | 2044 ||| FLEEEEING.
  2045 | D:3      | 2045 ||| FLEEEEING.
  2046 | D:3      | 2046 ||| FLEEEEING.
  2052 | D:3      | 2052 ||| FLEEEEING.
  2053 | D:3      | 2053 ||| FLEEEEING.
  2054 | D:3      | 2054 ||| FLEEEEING.
  2055 | D:3      | 2055 ||| FLEEEEING.
  2056 | D:3      | 2056 ||| FLEEEEING.
  2057 | D:3      | 2057 ||| FLEEEEING.
  2061 | D:3      | 2061 ||| FLEEEEING.
  2062 | D:3      | 2062 ||| FLEEEEING.
  2270 | D:3      | 2270 ||| DROPPING +0 club.
  2365 | D:3      | 2365 ||| Stepping ~*~*~tactically~*~*~ (hiding).
  2722 | D:3      | 2722 ||| Stepping ~*~*~tactically~*~*~ (stealth).
  2756 | D:3      | Reached skill level 5 in Axes
  3019 | D:3      | 3019 ||| UPGRADING to +0 cloak.
  3024 | D:3      | 3024 ||| READING scroll labelled UQYQEEVEDDY.
  3025 | D:3      | 3025 ||| READING scroll labelled MERESACINU.
  3026 | D:3      | 3026 ||| DRINKING 2 bubbling blue potions.
  3027 | D:3      | 3027 ||| READING 2 scrolls of identify.
  3027 | D:3      | 3027 ||| IDENTIFYING metallic amethyst potion
  3028 | D:3      | 3028 ||| DROPPING potion of brilliance.
  3029 | D:3      | 3029 ||| DROPPING potion of invisibility.
  3096 | D:4      | Noticed a phantom
  3106 | D:4      | Killed a phantom
  3107 | D:4      | Reached XP level 6. HP: 18/40 MP: 6/6
  3165 | D:4      | Noticed Robin
  3176 | D:4      | Killed Robin
  3215 | D:4      | Noticed Duvessa
  3216 | D:4      | Noticed Dowan
  3219 | D:4      | HP: 7/40 [Duvessa/+0 short sword (9)]
  3220 | D:4      | 3220 ||| READING scroll of teleportation.
  3221 | D:4      | HP: 3/40 [Duvessa/puff of flame (1)]
  3224 | D:4      | Slain by Duvessa

Levels and vault maps discovered:
D:1:      lightli_arrival_lavapool, layout_loops_ring,
          hellmonk_ecumenical_altar_lost_god, minivault_26,
          nicolae_shop_vocational
D:2:      layout_basic, nicolae_underground_beach
D:3:      layout_loops_ring, minmay_pentomino_pile
D:4:      layout_basic, uniq_duvessa, uniq_crazy_yiuf_cottage, uniq_robin

Skill      XL: |  1  2  3  4  5 |
---------------+----------------+-----
Axes           | 2 3 4 5 |  5.1
Fighting       | 4 |  4.9
Armour         | |  3.2
Dodging        | |  0.5
Shields        | |  3.2

Action                   |  1- 3 |  4- 6 || total
-------------------------+-------+-------++-------
Melee: War axe           |   119 |    89 ||   208
  Use: Scroll            |     1 |     9 ||    10
       Potion            |       |     1 ||     1
Armor: Scale mail        |    57 |    43 ||   100
Dodge: Dodged            |    71 |    39 ||   110
Block: Buckler           |    22 |    16 ||    38

Table legend:
 A = Non-vault XP
 B = Vault XP
 C = Vault XP percentage of total XP
 D = Non-vault monster count
 E = Vault monster count
 F = Vault count percentage of total count
                 A         B        C        D         E       F
            +---------+---------+-------+---------+---------+-------
      Total |     423 |      34 |   7.4 |      53 |      10 |  15.9
            +---------+---------+-------+---------+---------+-------
        D:1 |      24 |       0 |   0.0 |      13 |       0 |   0.0
        D:2 |      61 |       0 |   0.0 |      15 |       0 |   0.0
        D:3 |     155 |       9 |   5.5 |      20 |       4 |  16.7
        D:4 |     183 |      25 |  12.0 |       5 |       6 |  54.5
            +---------+---------+-------+---------+---------+-------
